 Seeded DCSS version 0.30.1-11-g7821555f0a (webtiles) character file.

Game seed: 5 (custom seed)

1302 Kazon the Cutter (level 8, -2/45 HPs)
             Began as a Vampire Gladiator on Dec 7, 2023.
             Was a High Priest of Uskayaw.
             Slain by an iguana (12 damage)
             ... on level 6 of the Dungeon.
             The game lasted 00:15:45 (3396 turns).

Kazon the Cutter (Vampire Gladiator)                Turns: 3396, Time: 00:15:46

Health: -2/45      AC:  4    Str: 13    XL:     8   Next: 31%
Magic:  6/6        EV: 10    Int: 10    God:    Uskayaw [*****.]
Gold:   220        SH: 15    Dex: 24    Spells: 7/7 levels left

rFire   + . .        w - +9 rapier of Urgency {antimagic, rElec rF+}
rCold   + + .        c - +0 tower shield
rNeg    + + +        b - +0 leather armour
rPois   ∞            j - +0 helmet
rElec   +            (no cloak)
rCorr   .            (no gloves)
SInv    +            (no boots)
Will    .....        (no amulet)
Stlth   +++++        s - +6 ring of dexterity
HPRegen 0.00/turn    y - ring of magical power
MPRegen 0.10/turn

%: no passive effects
@: bloodless, inhibited regen
A: bloodless, fangs 3, see invisible, vampiric 2
a: Bat Form, Revivify, Renounce Religion, Stomp, Line Pass, Grand Finale


You were on level 6 of the Dungeon.
You worshipped Uskayaw.
Uskayaw was noncommittal.
You visited 2 branches of the dungeon, and saw 7 of its levels.

You collected 220 gold pieces.

Inventory:

Hand Weapons
 a - a +0 rapier
 f - a +0 hand axe of flaming
 w - the +9 rapier of Urgency (weapon) {antimagic, rElec rF+}
   (You acquired it on level 1 of the Dungeon)

   rF:        It protects you from fire.
   rElec:     It insulates you from electricity.
 x - a +2 vampiric dagger
Missiles
 d - 3 throwing nets
 e - a javelin
 g - 23 stones (quivered)
 k - 3 boomerangs
 r - 5 poisoned darts
Armour
 b - a +0 leather armour (worn)
 c - a +0 tower shield (worn)
 j - a +0 helmet (worn)
Jewellery
 s - a +6 ring of dexterity (left hand)
 y - a ring of magical power (right hand)
 E - an amulet of guardian spirit
Wands
 v - a wand of paralysis (8)
Scrolls
 h - a scroll of fog {unknown}
 n - 2 scrolls of identify {unknown}
 o - a scroll of blinking {unknown}
 p - a scroll of summoning {unknown}
 q - 2 scrolls of magic mapping {unknown}
 t - 2 scrolls of teleportation {unknown}
 u - a scroll of torment {unknown}
 C - a scroll of amnesia {unknown}
 G - a scroll of poison {unknown}
Potions
 i - a potion of resistance {unknown}
 l - 3 potions of curing {unknown}
 m - 2 potions of heal wounds {unknown}
 z - 4 potions of flight {unknown}
 A - a potion of berserk rage {unknown}
 B - 2 potions of invisibility {unknown}
 D - a potion of lignification {unknown}
 F - a potion of attraction {unknown}


   Skills:
 + Level 2.9 Fighting
 + Level 6.1 Short Blades
 + Level 1.4 Axes
 + Level 2.0 Throwing
 + Level 2.7 Armour
 + Level 4.5 Dodging
 + Level 4.8 Stealth
 + Level 2.2 Shields
 * Level 3.0 Invocations
 * Level 3.0 Evocations


You had 7 spell levels left.
You didn't know any spells.
Your spell library contained the following spells:

 Spells                   Type           Power      Damage    Failure   Level
 Frozen Ramparts          Ice            0%         1d1       100%        3
 Ignite Poison            Fire/Tmut/Pois 0%         N/A       100%        3
 Ice Form                 Ice/Tmut       0%         N/A       100%        4
 Sticky Flame             Conj/Fire      0%         2d3       100%        4
 Summon Ice Beast         Ice/Summ       0%         N/A       100%        4
 Summon Forest            Summ/Tloc      0%         N/A       100%        5
 Eringya's Noxious Bog    Tmut/Pois      0%         N/A       100%        6
 Summon Hydra             Summ           0%         N/A       100%        7
 Ignition                 Fire           0%         3d3       100%        8


Dungeon Overview and Level Annotations

Branches:
Dungeon (6/15)             Temple (1/1) D:4

Altars:
Ashenzari
Cheibriados
Dithmenos
Fedhas
Gozag
Hepliaklqana
Kikubaaqudgha
Makhleb
Nemelex Xobeh
Okawaru
Qazlal
Ru
Trog
Uskayaw
Vehumet
Wu Jian
Xom


Innate Abilities, Weirdness & Mutations

You do not regenerate when monsters are visible.
You are frail without blood (-20% HP).
You can heal yourself when you bite living creatures.
You are immune to poison.
You have razor-sharp teeth.
You have supernaturally acute eyesight. (SInv)
You are afflicted with vampirism and can become a bat while bloodless.


Message History

You puncture the orc wizard!
The orc wizard's magic leaks into the air.
The orc wizard is almost dead.
You block the orc wizard's attack. x2
You closely miss the orc wizard.
The orc wizard is almost dead.
The orc wizard barely misses you.
You hit the orc wizard.
You kill the orc wizard!
The orc priest casts a cantrip, but nothing happens.
The adder hisses angrily.
An ufetubus comes into view.
The orc priest is no longer sharing its pain.
The orc priest hits you with a +0 club.
* * * LOW HITPOINT WARNING * * *
Items here: )) [ ††.
The ufetubus shouts!
You puncture the orc priest!
You kill the orc priest!
The adder barely misses you. You block the adder's attack.
You can now merge with and destroy a victim.
The adder closely misses you.
Things that are here:
a +0 club; a +0 ring mail The iguana hisses angrily.
You puncture the adder!
You kill the adder!
The ufetubus misses you.
The ufetubus hits you but does no damage.
You block the ufetubus's attack. The ufetubus completely misses you.
Uskayaw prepares the audience for your solo!
The helpless ufetubus fails to defend itself.
You spit the ufetubus like a pig!!!
You kill the ufetubus!
Found a shimmering altar of Xom.
The iguana is no longer paralysed.
Uskayaw prepares the audience for your solo!
Found 13 gold pieces.
The iguana is no longer paralysed.
The iguana barely misses you.
You completely miss the iguana. The iguana bites you!
You die...

##....#........
#.....#........ #
#.#.#...#....†. ..##
#.#.###.#...... .....
#.#.# #.##.#### .^.^.##
#)#.# #.##.####
$^_^...###)#.###.##.....
.^^^.#....)......###)...
......l@...........+.>..
....##....<...######....
. ########## #.... #....
#.... #.... #....
#####.... #......##


You could see an iguana.

Vanquished Creatures
  Sigmund (D:4)
  Duvessa (D:6)
  2 black bears (D:4)
  An ogre (D:5)
  2 scorpions
  Dowan (D:6)
  4 hounds
  2 orc priests (D:6)
  A jelly (D:5)
  5 iguanas
  2 orc wizards (D:6)
  4 gnolls (D:5)
  9 adders
  2 ufetubi
  3 worms
  8 orcs
  4 bats
  9 endoplasms
  A giant cockroach (D:1)
  12 goblins
  7 hobgoblins
  11 jackals
  3 kobolds
  3 quokkas (D:4)
  6 ball pythons
  3 frilled lizards
  4 rats
111 creatures vanquished.

Notes
Turn   | Place    | Note
-------+----------+-------------------------------------------
     0 | D:1      | Kazon the Vampire Gladiator began the quest for the Orb.
     0 | D:1      | Reached XP level 1. HP: 16/16 MP: 1/1
    43 | D:1      | Identified a scroll of acquirement
    43 | D:1      | Acquired the +9 rapier of Urgency {antimagic, rElec rF+}
    77 | D:1      | Reached XP level 2. HP: 22/22 MP: 0/2
   447 | D:1      | Gained mutation: You are afflicted with vampirism and can
                  | become a bat while bloodless. [Vampire growth]
   447 | D:1      | Reached XP level 3. HP: 27/27 MP: 1/3
   792 | D:2      | Reached skill level 4 in Short Blades
  1061 | D:2      | Reached XP level 4. HP: 33/33 MP: 1/4
  1508 | D:3      | You fall into a shaft and drop 1 floor!
  1546 | D:4      | Found a staircase to the Ecumenical Temple.
  1555 | Temple   | Entered the Ecumenical Temple
  1620 | Temple   | Became a worshipper of Uskayaw the Reveller
  1691 | D:4      | Reached * piety under Uskayaw
  1693 | D:4      | Reached ** piety under Uskayaw
  1698 | D:4      | Reached *** piety under Uskayaw
  1701 | D:4      | Noticed a black bear
  1707 | D:4      | Reached **** piety under Uskayaw
  1709 | D:4      | Killed a black bear
  1710 | D:4      | Reached skill level 1 in Armour
  1710 | D:4      | Reached skill level 1 in Stealth
  1710 | D:4      | Reached skill level 1 in Invocations
  1710 | D:4      | Reached XP level 5. HP: 27/39 MP: 1/5
  1711 | D:4      | Found a hazy altar of Hepliaklqana.
  1712 | D:4      | Found a shadowy altar of Dithmenos.
  1712 | D:4      | Noticed a shadow
  1820 | D:3      | Found a stormy altar of Qazlal.
  1937 | D:3      | Found a faded altar of an unknown god.
  1957 | D:3      | Identified the +2 sling "Qeuhanocyt" {speed, rElec Str-3
                  | Dex+2}
  2104 | D:3      | Found a blossoming altar of Fedhas.
  2125 | D:3      | Reached skill level 5 in Short Blades
  2314 | D:4      | Reached skill level 1 in Shields
  2320 | D:4      | Noticed a black bear
  2324 | D:4      | Killed a black bear
  2325 | D:4      | Reached XP level 6. HP: 46/46 MP: 5/7
  2462 | D:4      | Reached skill level 1 in Evocations
  2598 | D:4      | Noticed Sigmund
  2601 | D:4      | Killed Sigmund
  2602 | D:4      | Reached skill level 1 in Axes
  2602 | D:4      | Reached XP level 7. HP: 40/40 MP: 5/8
  2853 | D:5      | Entered Level 5 of the Dungeon
  3250 | D:6      | Noticed Dowan
  3252 | D:6      | Noticed Duvessa
  3263 | D:6      | Killed Duvessa
  3264 | D:6      | Reached XP level 8. HP: 26/45 MP: 3/9
  3267 | D:6      | Killed Dowan
  3385 | D:6      | Reached skill level 6 in Short Blades
  3389 | D:6      | Reached ***** piety under Uskayaw
  3393 | D:6      | Found a shimmering altar of Xom.
  3396 | D:6      | Slain by an iguana

Illustrated notes

Levels and vault maps discovered:
D:1:      ebering_trefoil_3fold, layout_basic, st_stairs_14, serial_bayou_ford_a
D:2:      layout_basic, hangedman_decor_growths, minmay_close_crescents
D:3:      layout_rooms, mainiacjoe_overflow_concentric_impassable,
          mainiacjoe_overflow_paths, shapermc_ecumenical_altar_acropolis,
          chequers_serial_rivers_micro_b
D:4:      layout_basic, riverfiend_overflow_shadow_ancestor,
          minmay_temple_entry_glass, uniq_sigmund
D:5:      layout_gridville
D:6:      layout_basic, xom_teletrap_fun, uniq_duvessa
Temple:   nicolae_temple_elliptical

Skill      XL: |  1  2  3  4  5  6  7  8 |
---------------+-------------------------+-----
Fighting       | 2 |  2.9
Dodging        | 4 |  4.5
Short Blades   | 4 5 6 |  6.1
Armour         | 1 2 |  2.7
Stealth        | 1 2 4 |  4.8
Invocations    | 1 2 3 |  3.0
Shields        | 1 2 |  2.2
Evocations     | 1 2 3 |  3.0
Axes           | 1 |  1.4
Throwing       | 2 |  2.0

Action                     |  1- 3 |  4- 6 |  7- 9 || total
---------------------------+-------+-------+-------++-------
  Melee: Rapier            |    90 |    64 |    68 ||   222
         Bite              |     4 |     8 |     8 ||    20
         Punch             |     1 |       |       ||     1
         Hand axe          |       |    29 |       ||    29
  Throw: Stone             |       |     5 |    10 ||    15
 Invoke: Stomp             |       |       |     1 ||     1
Ability: Exsanguinate      |       |     1 |       ||     1
    Use: Scroll            |     2 |       |       ||     2
         Potion            |     1 |       |       ||     1
   Stab: Sleeping          |       |     6 |    10 ||    16
         Paralysed         |       |     1 |     3 ||     4
 Armour: Leather armour    |    20 |    17 |     5 ||    42
  Dodge: Dodged            |    33 |    19 |    24 ||    76
  Block: Tower shield      |    28 |    63 |    39 ||   130
